 Dungeon Crawl Stone Soup version 0.17-a0-1913-g47c5406 (webtiles) character file.

194 AvaKnavely the Ducker (level 5, -2/28 HPs)
             Began as a Spriggan Abyssal Knight on Sept 26, 2015.
             Was a Believer of Lugonu.
             Slain by Pikel
             ... wielding a +0 whip of flaming
              (4 damage)
             ... on level 4 of the Dungeon.
             The game lasted 00:08:52 (3704 turns).

AvaKnavely the Ducker (Spriggan Abyssal Knight)     Turns: 3704, Time: 00:08:52

Health: -2/28      AC:  2    Str: 13    XL:     5   Next: 44%
Magic:  7/7        EV: 20    Int: 14    God:    Lugonu [**....]
Gold:   187        SH:  0    Dex: 16    Spells: 0 memorised, 4 levels left

rFire  . . .     SeeInvis +     j - +0 dagger (drain)
rCold  . . .     Clarity  .     b - +0 robe
rNeg   . . .     SustAt   .     (shield restricted)
rPois  +         Gourm    .     (helmet restricted)
rElec  .         Spirit   .     (no cloak)
rCorr  .         Warding  .     (gloves unavailable)
rMut   .         Rnd*Tele +     (boots unavailable)
MR     .....                    (no amulet)
Stlth  ++........               s - ring of teleportation (curse)
                                i - ring of poison resistance

@: mighty, very quick, not resistant to hostile enchantments, unstealthy
A: unfitting armour, see invisible, herbivore 3, speed 3, slow metabolism 2
a: Depart the Abyss, Bend Space, Renounce Religion, Evoke Teleportation


You were on level 4 of the Dungeon.
You worshipped Lugonu.
Lugonu was pleased with you.
You were near starving.

You visited 1 branch of the dungeon, and saw 4 of its levels.
You visited the Abyss 1 time.

You collected 187 gold pieces.

Inventory:

Hand weapons
 a - a +1 short sword
 j - a +0 dagger of draining (weapon)
 l - a +2 hunting sling of freezing
Armour
 b - a +0 robe (worn)
 q - a +0 robe
Jewellery
 i - a ring of poison resistance (left hand)
 s - a cursed ring of teleportation (right hand)
Magical devices
 h - a wand of frost (19)
 o - a wand of cold (5)
Scrolls
 d - 4 scrolls of immolation
 g - a scroll of magic mapping
 m - 2 scrolls of identify
 n - a scroll of enchant armour {unknown}
Potions
 e - a potion of cure mutation {unknown}
 f - a potion of heal wounds {unknown}
 k - 2 potions of brilliance
 p - a potion of mutation {unknown}
 r - a potion of magic {unknown}
 t - a potion of might
 u - a potion of curing
Comestibles
 c - 3 bread rations


   Skills:
 + Level 3.2 Fighting
 * Level 4.1 Short Blades
 - Level 5.1 Dodging
 + Level 1.4 Stealth
 + Level 2.5 Invocations


You had 4 spell levels left.
You didn't know any spells.

Dungeon Overview and Level Annotations

Branches:
Dungeon (4/15)
 Temple: D:4-7

Altars:
Ashenzari
Kikubaaqudgha

Annotations:
D:3 Grinder
D:4 Pikel


Innate Abilities, Weirdness & Mutations

You are tiny and cannot use many weapons and most armour.
You have supernaturally acute eyesight.
You are a herbivore.
You cover ground extremely quickly.
You need consume almost no food.


Message History

Pikel barely misses you.
You hit Pikel but do no damage.
Pikel is heavily wounded.
Pikel barely misses you.
You closely miss Pikel.
Pikel is heavily wounded.
Pikel hits you with a whip of flaming.
* * * LOW HITPOINT WARNING * * *
Pikel burns you.
* * * LOW HITPOINT WARNING * * *
You are too injured to fight recklessly!
It was a potion of might.
You feel very mighty all of a sudden. Pikel misses you.
You barely miss Pikel.
Pikel is heavily wounded.
You hit Pikel.
Pikel is heavily wounded.
Pikel hits you with a whip of flaming.
You die...

.# #............# .#
#..#########.# .. #..#
#.# #.# #..## #.#
######.# #Kp.##### #.#
[..(.(.######
#.......####.##
............#
#...###........
####.###.##.#######p..#
######.## # #.#
#........@Kpp..# #.# #
#.###.##########p###
#.# ####.....# #.# #.#
.......### #.# #.#
######## #.. ..# ### ##


You could see Pikel and 4 slaves.

Vanquished Creatures
  Jessica (D:2)
  Natasha (thrice) (D:2)
  A worker ant (D:4)
  An adder (D:2)
  4 gnolls (D:2)
  An ooze (D:1)
  A worm (D:2)
  3 giant geckos
  5 giant cockroaches
  5 hobgoblins
  4 jackals (D:4)
  4 kobolds
  5 bats
  3 giant newts
  8 goblins
  16 rats
65 creatures vanquished.

Notes
Turn   | Place    | Note
--------------------------------------------------------------
     0 | Abyss:1  | AvaKnavely the Spriggan Abyssal Knight began the quest for the Orb.
     0 | Abyss:1  | Reached XP level 1. HP: 11/11 MP: 3/3
    87 | Abyss:1  | Noticed a guardian serpent
    88 | D:1      | Escaped the Abyss
   280 | D:1      | Reached XP level 2. HP: 5/16 MP: 4/4
   354 | D:1      | Acquired Lugonu's first power
   890 | D:1      | Reached skill level 4 in Dodging
  1310 | D:2      | Reached XP level 3. HP: 19/19 MP: 5/5
  1381 | D:2      | Acquired Lugonu's second power
  1381 | D:2      | Reached XP level 4. HP: 23/23 MP: 6/6
  1401 | D:2      | Noticed Natasha
  1424 | D:2      | Killed Natasha
  1864 | D:2      | Noticed Natasha
  1876 | D:2      | Killed Natasha
  1900 | D:2      | Noticed Jessica
  1927 | D:2      | Killed Jessica
  1927 | D:2      | Reached XP level 5. HP: 15/28 MP: 7/7
  1936 | D:2      | Reached skill level 5 in Dodging
  2105 | D:2      | Noticed Natasha
  2112 | D:2      | Killed Natasha
  2914 | D:3      | Noticed Grinder
  3249 | D:4      | Reached skill level 1 in Stealth
  3287 | D:4      | Found a shattered altar of Ashenzari.
  3287 | D:4      | Found an ancient bone altar of Kikubaaqudgha.
  3650 | D:4      | Noticed a slave
  3664 | D:4      | Noticed Pikel
  3669 | D:4      | Noticed a slave
  3690 | D:4      | Noticed a slave
  3696 | D:4      | Noticed a slave
  3704 | D:4      | Slain by Pikel

Vault maps used:
D:1:      dpeg_arrival_tiny_k, feat_on_display
D:2:      uniq_natasha, uniq_jessica
D:3:      uniq_grinder
D:4:      vehumet_altar_wand_db, elyvilon_altar_3,
          nicolae_qazlal_style_of_elements, gammafunk_temple_overflow_wave,
          jiyva_altar_1, uniq_pikel
Abyss:1:  hangedman_cross_veins, bh_abyss_exit_grid

Action                   |  1- 3 |  4- 6 || total
-------------------------+-------+-------++-------
Melee: Short sword       |    41 |       ||    41
       Dagger            |    57 |   161 ||   218
Invok: Depart the Abyss  |     1 |       ||     1
  Use: Potion            |       |     7 ||     7
       Scroll            |       |     4 ||     4
 Stab: Sleeping          |     2 |     3 ||     5
